cohdb
Replays
Latest Replays
All Replays
Popular Replays
Top Player Replays
Match Explorer
How It Works
Community
CoH3 Stats
Reddit
Sign in to upload your games and track your stats! →
Sign in with Steam
Match 47294623
Unlisted
Match 47294623
Overview
Messages
Build Orders
End
Royal Engineer Section
Construct Section Command Post
Selects Heavy Armor Battlegroup
Dingo Light Scout Car
Infantry Section
Infantry Section
Construct Field Infirmary
Infantry Section
Construct Platoon Command Post
Selects Rigorous Vehicle Training
Selects Forward Repair Assembly
Selects Light Vehicle Withdraw and Refit
Light Vehicle Withdraw and Refit
Grenade Package
Selects UNKNOWN (202330)
Humber Armored Car
6-pounder Anti-tank Gun Team
6-pounder Anti-tank Gun Team
Infantry Training
pagep
[LoB]Fagio
0
0
Comments
sign in to comment!
No comments posted yet!